 Dungeon Crawl Stone Soup version 0.29.1-12-g30fa7ad0bf (webtiles) character file.

Game seed: 6070001677632927972

39 wormed the Shield-Bearer (level 3, -7/23 HPs)
             Began as a Gargoyle Fighter on Dec 21, 2022.
             Was a Follower of Zin.
             Killed by divine providence
             ... invoked by an orc priest
              (16 damage)
             ... on level 3 of the Dungeon.
             The game lasted 00:03:27 (2066 turns).

wormed the Shield-Bearer (Gargoyle Fighter)         Turns: 2066, Time: 00:03:28

Health: -7/23      AC: 12    Str: 21    XL:     3   Next: 45%
Magic:  3/3        EV: 10    Int:  8    God:    Zin [*.....]
Gold:   57         SH:  4    Dex:  9    Spells: 2/2 levels left

rFire   . . .      SeeInvis .   a - +0 flail
rCold   + . .      Faith    .   c - +0 buckler
rNeg    + . .      Spirit   .   r - +5 leather armour "Huotod" {rPois rC+ Stlth+}
rPois   ∞          Reflect  .   (no helmet)
rElec   +          Harm     .   (no cloak)
rCorr   .          Rampage  .   h - +0 pair of gloves
Will    +....                   (no boots)
Stlth   ++........              (no amulet)
HPRegen 0.07/turn               e - ring of willpower
MPRegen 0.08/turn               (no ring)

@: no status effects
A: sickness immunity, AC +3, negative energy resistance 1, electricity
resistance, torment resistance 1, petrification resistance
a: Renounce Religion, Recite, Donate Gold


You were on level 3 of the Dungeon.
You worshipped Zin.
Zin was aware of your devotion.
You visited 1 branch of the dungeon, and saw 3 of its levels.

You collected 63 gold pieces.
You donated 6 gold pieces to Zin.

Inventory:

Hand Weapons
 a - a +0 flail (weapon)
Armour
 c - a +0 buckler (worn)
 h - a +0 pair of gloves (worn)
 r - the +5 leather armour "Huotod" (worn) {rPois rC+ Stlth+}
   (You found it on level 3 of the Dungeon)

   rC:        It protects you from cold.
   rPois:     It protects you from poison.
   Stlth:     It makes you more stealthy.
Jewellery
 e - a ring of willpower (left hand)
Scrolls
 f - a scroll of teleportation
 k - a scroll of poison {unknown}
 n - a scroll of enchant armour {unknown}
 o - a scroll of vulnerability {unknown}
 p - a scroll of butterflies {unknown}
 q - a scroll of enchant weapon {unknown}
Potions
 d - a potion of might
 i - 2 potions of heal wounds
 j - 3 potions of cancellation
 l - 2 potions of curing
 m - 3 potions of flight {unknown}


   Skills:
 + Level 3.6 Fighting
 * Level 2.8 Maces & Flails
 + Level 3.6 Armour
 + Level 3.6 Shields


You had 2 spell levels left.
You didn't know any spells.
Your spell library was empty.

Dungeon Overview and Level Annotations

Branches:
Dungeon (3/15)

Altars:
Zin

Shops:
D:1 *


Innate Abilities, Weirdness & Mutations

You are immune to sickness and miasma.
Your stone body is resilient. (AC +3)
You are immune to poison.
You resist negative energy. (rN+)
You are resistant to electric shocks. (rElec)
You are resistant to unholy torment.
You are immune to petrification.


Message History

An orc comes into view. It is wielding a +0 short sword.
The orc moves out of view.
An orc comes into view. It is wielding a +0 club.
The orc shouts! x2; You hear a shout!
You hit the orc.
The orc is severely wounded.
The orc hits you but does no damage.
You barely miss the orc.
The orc is severely wounded.
The ball python barely misses you. The ball python grabs you.
The ball python constricts you. The orc hits you with a +0 dagger.
An orc priest comes into view. It is wielding a +0 whip.
The ball python bites you. The ball python constricts you.
You barely miss the ball python. The ball python closely misses you.
The ball python constricts you. The orc hits you but does no damage.
You closely miss the ball python.
The ball python bites you but does no damage.
The ball python constricts you. The orc hits you but does no damage.
The orc priest mumbles some strange prayers to Beogh against you.
Beogh smites you!
Ouch! That really hurt!
The ball python bites you but does no damage.
The ball python constricts you. The orc barely misses you.
You escape the ball python's grasp.
The orc attacks as you move away! The orc hits you with a +0 short sword.
The ball python bites you but does no damage.
The ball python grabs you. The ball python constricts you.
You escape the ball python's grasp.
The orc attacks as you move away! The orc closely misses you.
The orc attacks as you move away! The orc hits you but does no damage.
A kobold comes into view. It is wielding a +0 short sword.
The orc attacks as you move away! The orc hits you but does no damage.
The kobold shouts!
The ball python attacks as you move away!
The ball python bites you but does no damage.
The ball python closely misses you.
The orc priest invokes the aid of Beogh against you.
Beogh smites you!
Ouch! That really hurt!
You die...

#............
#......(...#
##......o...#
.........#..# #
.........#..# .#
.$.....oo#..##.#
...!...o........
........S.......
..K.....@##....#
####.###.##.#####..#
#. #..#)#####..## #.
#....[........
#..#.#.###.##
#..#.#.# #.. ...
##..#.#.# #.# #.#
#.......###.#####.#
<..................


You could see an orc priest, 3 orcs, a ball python and a kobold.

Vanquished Creatures
  An adder (D:2)
  A worm (D:2)
  A ball python (D:1)
  3 bats (D:2)
  3 endoplasms (D:1)
  A giant cockroach (D:1)
  3 goblins
  2 hobgoblins (D:2)
  2 jackals (D:2)
  2 quokkas
  2 frilled lizards
  A kobold (D:1)
  2 rats
24 creatures vanquished.

Notes
Turn   | Place    | Note
-------+----------+-------------------------------------------
     0 | D:1      | wormed the Gargoyle Fighter began the quest for the Orb.
     0 | D:1      | Reached XP level 1. HP: 14/14 MP: 1/1
   271 | D:1      | Reached XP level 2. HP: 19/19 MP: 2/2
   463 | D:1      | Found Dydwaoth's General Store.
  1131 | D:2      | Found a faded altar of an unknown god.
  1239 | D:2      | Found a glowing silver altar of Zin.
  1255 | D:2      | Became a worshipper of Zin the Law-Giver
  1676 | D:2      | Reached XP level 3. HP: 23/23 MP: 3/3
  1914 | D:3      | Reached * piety under Zin
  2005 | D:3      | Identified the +5 leather armour "Huotod" {rPois rC+
                  | Stlth+}
  2066 | D:3      | Killed from afar by an orc priest

Illustrated notes

Levels and vault maps discovered:
D:1:      dpeg_arrival_tiny_a, layout_basic, serial_shops, shop
D:2:      layout_basic, dreamdust_ecumenical_altar_angels_and_demons,
          basic_altar
D:3:      layout_basic, minivault_27, minmay_checkerbox

Action                   || total
-------------------------++-------
Melee: Flail             ||    87
  Use: Scroll            ||     4
Armor: Scale mail        ||    45
       Leather armour    ||     9
       Skin              ||     1
Dodge: Dodged            ||    37
Block: Buckler           ||    22
